 Dungeon Crawl Stone Soup version 0.28.0-43-g3370ac3207 (webtiles) character file.

Game seed: 10228796128325507885

965 crimpus the Magician (level 8, -8/58 HPs)
             Began as a Djinni Cinder Acolyte on Mar 27, 2022.
             Was a High Priest of Ignis.
             Mangled by a wyvern skeleton (10 damage)
             ... on level 6 of the Dungeon.
             The game lasted 00:10:11 (6075 turns).

crimpus the Magician (Djinni Cinder Acolyte)        Turns: 6075, Time: 00:10:12

Health: -8/58      AC:  4    Str: 13    XL:     8   Next: 38%
Gold:   225        EV: 12    Int: 19    God:    Ignis [*****.] SH:  0 Dex:  8

rFire   + + +      SeeInvis .     - Unarmed
rCold   x . .      Faith    .   (no shield)
rNeg    . . .      Spirit   .   i - +2 robe {Will+}
rPois   ∞          Reflect  .   (helmet currently unavailable)
rElec   .          Harm     .   (no cloak)
rCorr   .          Rampage  .   (no gloves)
Will    +....                   (boots unavailable)
Stlth   ++........              (no amulet)
HPRegen 0.19/turn               (no ring)
MPRegen 0.00/turn               (no ring)

@: appendages, flying
A: horns 2, flying, sickness immunity, fire resistance 2, cold vulnerability 1,
float, innate caster, HP casting, extra vitality 1
a: End Transformation, Renounce Religion, Fiery Armour, Foxfire Swarm, Rising
Flame


You were on level 6 of the Dungeon.
You worshipped Ignis.
Ignis was extremely pleased with you.
You had temporarily grown beastly horns.
You visited 1 branch of the dungeon, and saw 6 of its levels.

You collected 225 gold pieces.

Inventory:

Missiles
 m - a throwing net
 p - 45 sling bullets
Armour
 i - a +2 robe of willpower (worn)
Jewellery
 j - a ring of protection from fire
Wands
 k - a wand of mindburst (10)
Scrolls
 a - 7 scrolls of identify
 b - a scroll of fear
 d - 3 scrolls of blinking
 e - a scroll of teleportation
 n - 3 scrolls of amnesia {unknown}
 o - a scroll of enchant weapon
 q - a scroll of immolation {unknown}
 r - a scroll of vulnerability {unknown}
 t - a scroll of holy word {unknown}
Potions
 c - 3 potions of might
 f - 2 potions of ambrosia
 g - 2 potions of curing
 h - 2 potions of cancellation {unknown}
 l - a potion of degeneration {unknown}
 s - a potion of magic {unknown}
 u - a potion of lignification {unknown}
 v - a potion of attraction {unknown}


   Skills:
 * Level 4.4 Fighting
 * Level 2.7 Dodging
 * Level 2.2 Stealth
 - Level 3.0 Unarmed Combat
 * Level 6.2 Spellcasting


You had 12 spell levels left.
You knew the following spells:

 Your Spells              Type           Power      Damage    Failure   Level
a - Scorch                Fire           58%        2d8       1%          2
b - Beastly Appendage     Tmut           58%        N/A       1%          1
c - Searing Ray           Conj           58%        2d6       1%          2
d - Ensorcelled Hibernat  Hex/Ice        58%        N/A       1%          2
Your spell library was empty.

Dungeon Overview and Level Annotations

Branches:
Dungeon (6/15)
 Temple: D:4-7

Altars:
Cheibriados
Makhleb
Ru
Zin


Innate Abilities, Weirdness & Mutations

You have temporarily grown beastly horns.
You are flying.
You are immune to sickness and miasma.
You are immune to poison.
Your flesh is very heat resistant. (rF++)
You are vulnerable to cold. (rC-)
You float through the air rather than walking.
You learn spells naturally, not from books.
Your magical power is your life essence.
You have superior vitality. (+4 MHP)


Message History

A bullfrog skeleton comes into view.
A wight comes into view. It is wielding a +0 halberd.
A wight comes into view. It is wielding a +0 flail.
You reach down and open the door.
A giant cockroach and a quokka come into view.
The bullfrog skeleton barely misses you.
There is an open door here.
Found 8 gold pieces.
The bullfrog skeleton barely misses you.
A wyvern skeleton comes into view.
The wyvern skeleton moves out of view.
The bullfrog skeleton barely misses you.
The bullfrog skeleton barely misses you.
The bullfrog skeleton closely misses you.
Casting: Scorch (safe; 1% risk of failure)
Confirm with . or Enter, or press ? or * to list all spells.
Aiming: Searing Ray (safe; 1% risk of failure)
Press: ? - help, Shift-Dir - straight line, f - bullfrog skeleton
Aim: a bullfrog skeleton (93% to hit)
The searing ray hits the bullfrog skeleton!
The bullfrog skeleton is moderately damaged.
The searing ray misses the wight.
The searing ray hits the wight.
The wight is lightly damaged. (Press . to maintain the ray.)
The wight hits you from afar with a +0 halberd!
The bullfrog skeleton barely misses you.
The searing ray hits the bullfrog skeleton!
The bullfrog skeleton is heavily damaged.
The searing ray hits the wight.
The wight is moderately damaged.
The wight hits you from afar with a +0 halberd!
* * * LOW HITPOINT WARNING * * *
The bullfrog skeleton hits you but does no damage.
The bullfrog skeleton barely misses you.
You hear the brisk rusting of a drain nearby.
The wyvern skeleton misses you. The wyvern skeleton bites you!
* * * LOW HITPOINT WARNING * * *
The wyvern skeleton bites you!
You die...

...........#
...........####
..............##
...........##..##########
.........>.###..........#
.............<..........##
......)....###....!.......
......)..### #.$.......#
.........# #@........#.
.........## #Zz.........
.#.....#..# #...........
..........## #.........#
.###.####..#######z..####
## ##'..##z..Z.......
+≈≈B≈≈≈#....Z#..#######
+≈≈r≈≈≈#..(.....#
###≈≈##+...........#


You could see 2 wights, a bullfrog skeleton and a wyvern skeleton.

Vanquished Creatures
  An ice beast (D:5)
  4 ogres
  A scorpion (D:5)
  2 wights (D:6)
  An orc priest (D:5)
  2 hounds
  Ijyb (D:3)
  Jessica (D:2)
  An orc wizard (D:5)
  A hound skeleton (D:5)
  A howler monkey zombie (D:5)
  9 adders
  3 gnolls (D:3)
  A white imp (D:5)
  An adder skeleton (D:4)
  3 dart slugs
  5 orcs
  4 endoplasms
  4 giant cockroaches
  9 hobgoblins
  10 jackals
  5 quokkas
  7 ball pythons
  6 bats
  4 frilled lizards
  4 goblins
  9 kobolds
  3 rats
103 creatures vanquished.

Vanquished Creatures (others)
  4 toadstools (D:1)
4 creatures vanquished.

Grand Total: 107 creatures vanquished

Notes
Turn   | Place    | Note
-------+----------+-------------------------------------------
     0 | D:1      | crimpus the Djinni Cinder Acolyte began the quest for the
                  | Orb.
     0 | D:1      | Reached XP level 1. HP: 20/20 MP: 0/0
    36 | D:1      | Reached XP level 2. HP: 21/25 MP: 0/0
   601 | D:1      | Reached XP level 3. HP: 28/30 MP: 0/0
   601 | D:1      | Learned a level 1 spell: Beastly Appendage
   865 | D:1      | Found a faded altar of an unknown god.
   942 | D:2      | Reached skill level 3 in Spellcasting
  1188 | D:2      | Reached XP level 4. HP: 26/35 MP: 0/0
  1611 | D:2      | Noticed Jessica
  1615 | D:2      | Killed Jessica
  1861 | D:2      | Found a glowing silver altar of Zin.
  2164 | D:3      | Reached XP level 5. HP: 21/41 MP: 0/0
  2164 | D:3      | Learned a level 2 spell: Searing Ray
  2799 | D:3      | Reached skill level 1 in Dodging
  3317 | D:3      | Noticed Ijyb
  3325 | D:3      | Killed Ijyb
  3326 | D:3      | Reached skill level 1 in Stealth
  3326 | D:3      | Reached skill level 4 in Spellcasting
  3954 | D:3      | Found a snail-covered altar of Cheibriados.
  3988 | D:3      | Reached XP level 6. HP: 40/47 MP: 0/0
  4424 | D:4      | Found a burning altar of Makhleb.
  4971 | D:5      | Entered Level 5 of the Dungeon
  4971 | D:5      | Noticed an ogre
  4974 | D:5      | Killed an ogre
  4985 | D:5      | Reached XP level 7. HP: 36/52 MP: 0/0
  4985 | D:5      | Learned a level 2 spell: Ensorcelled Hibernation
  5097 | D:5      | Found a sacrificial altar of Ru.
  5372 | D:5      | Reached skill level 5 in Spellcasting
  5666 | D:5      | Reached XP level 8. HP: 52/58 MP: 0/0
  5743 | D:5      | HP: 1/58 [ogre/+0 giant club (29)]
  6042 | D:6      | Reached skill level 6 in Spellcasting
  6073 | D:6      | HP: 2/58 [wyvern skeleton (7)]
  6075 | D:6      | Mangled by a wyvern skeleton

Illustrated notes

Levels and vault maps discovered:
D:1:      ldierk_walled_garden_2, layout_rooms,
          dilly_ecumenical_altar_fadedgnrine
D:2:      layout_basic, basic_altar, uniq_jessica
D:3:      layout_basic, cheibriados_altar_1, kennysheep_generic_room_16,
          uniq_ijyb
D:4:      layout_rooms, makhleb_heckhound_becter
D:5:      cheibrodos_barr_body, layout_rooms,
          nicolae_ru_great_annihilating_truth, temple_statues,
          nicolae_concentric_dashed_squares_mild, dk_noncrumbling_3
D:6:      layout_rooms, mainiacjoe_overflow_surrounded_room,
          gup_sewer_entry_bowl, gammafunk_ghost_gnarly_gnolls,
          uniq_crazy_yiuf_cottage, uniq_prince_ribbit1

Skill      XL: |  1  2  3  4  5  6  7  8 |
---------------+-------------------------+-----
Spellcasting   | 3 4 5 6 |  6.2
Dodging        | 1 2 |  2.7
Stealth        | 1 2 |  2.2
Fighting       | 4 |  4.4
Unarmed Combat | |  3.0

Action                   |  1- 3 |  4- 6 |  7- 9 || total
-------------------------+-------+-------+-------++-------
Melee: Unarmed           |    32 |    51 |       ||    83
       Headbutt          |       |     6 |       ||     6
 Cast: Scorch            |    17 |    69 |    41 ||   127
       Beastly Appendage |       |     5 |     1 ||     6
       Searing Ray       |       |     3 |     3 ||     6
       Ensorcelled Hiber |       |       |     5 ||     5
Invok: Fiery Armour      |     2 |       |       ||     2
  Use: Scroll            |       |     8 |     1 ||     9
Armor: Robe              |    19 |    20 |     4 ||    43
Dodge: Dodged            |    23 |    46 |    21 ||    90
